 Dungeon Sprint DCSS version 0.29.1-2-gbd0b4ee654 (webtiles) character file.

Game seed: 6849549128091017163

9424 Groucho the Unseen (level 11, -5/58 HPs)
             Began as a Spriggan Enchanter on Nov 16, 2022.
             Was a High Priest of Dithmenos.
             Slain by a hell hog (12 damage)
             ... in the Dungeon (Sprint II: "The Violet Keep of Menkaure").
             The game lasted 00:08:56 (946 turns).

Groucho the Unseen (Spriggan Enchanter)              Turns: 946, Time: 00:08:58

Health: -5/58      AC:  2    Str:  8    XL:     11   Next: 22%
Magic:  16/30      EV: 27    Int: 17    God:    Dithmenos [*****.]
Gold:   824        SH:  0    Dex: 16    Spells: 25/38 levels left

rFire   . . .      SeeInvis +   a - +1 dagger
rCold   . . .      Faith    .   (no shield)
rNeg    . . .      Spirit   .   b - +0 robe
rPois   .          Reflect  .   (helmet restricted)
rElec   .          Harm     .   (no cloak)
rCorr   .          Rampage  .   (gloves unavailable)
Will    +....      NoTele   +   (boots unavailable) Stlth **++++++++
                                (no amulet)
HPRegen 0.19/turn               (no ring)
MPRegen 0.22/turn               (no ring)

@: wreathed by umbra, very quick
A: very small, no large weapons, unfitting armour, see invisible, speed 3
a: Renounce Religion, Shadow Step, Shadow Form


You were in the Dungeon.
You worshipped Dithmenos.
Dithmenos was extremely pleased with you.
You visited 1 branch You collected 1509 gold pieces.
You spent 685 gold pieces at shops.

Inventory:

Hand Weapons
 a - a +1 dagger (weapon)
Missiles
 s - 20 stones (quivered)
Armour
 b - a +0 robe (worn)
Scrolls
 i - 3 scrolls of blinking
 j - 7 scrolls of identify {unknown}
 m - a scroll of magic mapping {unknown}
 n - 3 scrolls of enchant weapon {unknown}
 o - 2 scrolls of fog {unknown}
 p - 2 scrolls of amnesia {unknown}
 q - 2 scrolls of poison {unknown}
 u - a scroll of silence {unknown}
 w - a scroll of torment {unknown}
Potions
 c - a potion of invisibility
 d - a potion of curing
 f - 7 potions of flight
 g - 5 potions of magic
 h - a potion of berserk rage
 k - 3 potions of resistance {unknown}
 l - 3 potions of haste
 r - a potion of degeneration {unknown}
 t - a potion of attraction {unknown}
 v - a potion of brilliance {unknown}


   Skills:
 + Level 6.6 Fighting
 * Level 12.3 Short Blades
 * Level 14.8 Dodging
 - Level 18.8 Stealth
 + Level 14.2 Spellcasting
 + Level 6.0 Conjurations
 - Level 14.0 Hexes


You had 25 spell levels left.
You knew the following spells:

 Your Spells              Type           Power      Damage    Failure   Level
a - Ensorcelled Hibernat  Hex/Ice        70%        N/A       1%          2
b - Confusing Touch       Hex            56%        N/A       1%          3
c - Dazzling Flash        Conj/Hex       92%        N/A       1%          3
d - Tukima's Dance        Hex            56%        N/A       1%          3
e - Passwall              Tmut/Erth      10%        N/A       9%          2

Your spell library contained the following spells:

 Spells                   Type           Power      Damage    Failure   Level
 Apportation              Tloc           24%        N/A       5%          1
 Necrotise                Necr           48%        1d6       5%          1
 Summon Small Mammal      Summ           48%        N/A       5%          1
 Animate Armour           Summ/Erth      24%        N/A       50%         4
 Petrify                  Tmut/Erth      12%        N/A       50%         4
 Summon Cactus Giant      Summ           6%         N/A       100%        6


Dungeon Overview and Level Annotations

Branches:
Dungeon (1/1)

Altars:
Cheibriados
Dithmenos
Elyvilon
Fedhas
Gozag
Hepliaklqana
Kikubaaqudgha
Makhleb
Nemelex Xobeh
Okawaru
Qazlal
Ru
Sif Muna
Trog
Uskayaw
Vehumet
Wu Jian
Xom
Yredelemnul
Zin
The Shining One
Jiyva
Lugonu

Shops:
D :[[!!(:!==[*[(?

Annotations:
D exclusion: oklob plant


Innate Abilities, Weirdness & Mutations

You are very small and have problems with some larger weapons.
You are too small for most types of armour.
You have supernaturally acute eyesight. (SInv)
You cover ground extremely quickly. (Speed+++)


Message History

A polar bear is nearby!
Okay, then.
You open the door.
The black bear is engulfed in a cloud of scalding steam.
The hell hog breathes fire at you.
The fireball explodes!
The fireball engulfs you!!
* * * LOW HITPOINT WARNING * * *
You emit a cloud of dark smoke.
Unknown command.
Casting: Ensorcelled Hibernation (safe; 1% risk of failure)
Confirm with . or Enter, or press ? or * to list all spells.
Aiming: Ensorcelled Hibernation (safe; 1% risk of failure)
Press: ? - help, Shift-Dir - straight line, f - black bear
Aim: a black bear (black smoke, heavily wounded, umbra, chance to affect: 63%)
The black bear looks drowsy...
The helpless black bear fails to defend itself.
You perforate the black bear like a sieve!!!!!
You kill the black bear!
Dithmenos accepts your kill.
The wyvern is engulfed in a cloud of scalding steam.
Casting: Ensorcelled Hibernation (safe; 1% risk of failure)
Confirm with . or Enter, or press ? or * to list all spells.
Aiming: Ensorcelled Hibernation (safe; 1% risk of failure)
Press: ? - help, Shift-Dir - straight line, f - hell hog
Aim: a hell hog (black smoke, umbra, chance to affect: 46%)
The hell hog resists with some effort.
The hell hog completely misses you.
The wyvern is engulfed in a cloud of scalding steam.
The polar bear is engulfed in a cloud of scalding steam.
The hell hog completely misses you.
Unknown command.
Casting: Ensorcelled Hibernation (safe; 1% risk of failure)
Confirm with . or Enter, or press ? or * to list all spells.
Aiming: Ensorcelled Hibernation (safe; 1% risk of failure)
Press: ? - help, Shift-Dir - straight line, f/p - hell hog
Aim: a hell hog (black smoke, umbra, chance to affect: 46%)
The hell hog resists with some effort.
The wyvern is engulfed in a cloud of scalding steam.
The polar bear is engulfed in a cloud of scalding steam.
The hell hog bites you!
You die...

###†# ...#..#§§.####▓....[...▓▓
.#.####..#####..##)#▓..[.....▓▓
#'###.##..#..'^.#†.#▓........▓▓
#.##..##..#..#..#†.#▓......[.▓▓
.<.'.##'..####^.##.#▓......).▓▓
#.##.#.#....###§§§##▓▓▓▓▓▓▓'▓▓▓▓+
#†###.##.....hlhH§§§~~~~~~~...≈≈≈
.#.####~~....§l#h########+###.≈≈≈
†#†.#~~~~~~~.§~#@§§._._.#~~~##≈≈≈
#.###~§~~~§~§.h#§§§_._..#~§§§####
#+##~~§≈≈§~~~~~#§§§._._.#~~§§≈#
~~~~§≈≈≈§~~~#._._._._#~~S§§≈
++#~≈≈≈≈§≈≈~#.._._._.#~§§§§≈
#≈≈§###≈≈#..._._._#§S§~§S
#§≈#...._._.#~ #≈≈#....._._#~
≈≈≈≈##########~


You could see a hell hog, a manticore, 2 polar bears, a black bear and 2
wyverns.

Vanquished Creatures
  A deep elf master archer (D)
  A kraken (D)
  A crystal guardian (D)
  A hell hog (D)
  2 death drakes (D)
  A manticore (D)
  A merfolk siren (D)
  2 unseen horrors (D)
  A yaktaur (D)
  3 polar bears (D)
  A hornet (D)
  3 slime creatures (D)
  2 wyverns (D)
  4 neqoxecs (D)
  2 redbacks (D)
  Menkaure (D)
  5 water moccasins (D)
  2 swamp drakes (D)
  2 black bears (D)
  4 scorpions (D)
40 creatures vanquished.

Vanquished Creatures (others)
  A manticore (D)
  4 tentacles (D)
5 creatures vanquished.

Grand Total: 45 creatures vanquished

Notes
Turn   | Place    | Note
-------+----------+-------------------------------------------
     0 | D        | Groucho the Spriggan Enchanter began the quest for the Orb.
     0 | D        | Reached XP level 1. HP: 9/9 MP: 5/5
     3 | D        | Noticed a merfolk siren
    17 | D        | Killed a merfolk siren
    18 | D        | Reached skill level 14 in Stealth
    18 | D        | Reached XP level 2. HP: 13/13 MP: 6/12
    18 | D        | Reached XP level 3. HP: 16/16 MP: 6/13
    18 | D        | Reached XP level 4. HP: 21/21 MP: 6/15
    18 | D        | Reached XP level 5. HP: 24/24 MP: 6/16
    18 | D        | Reached XP level 6. HP: 28/28 MP: 6/18
    22 | D        | Noticed a wyvern
    22 | D        | Noticed a wyvern
    24 | D        | Noticed a neqoxec
    24 | D        | Noticed a neqoxec
    24 | D        | Noticed a neqoxec
    24 | D        | Noticed a neqoxec
    26 | D        | Killed a neqoxec
    27 | D        | Reached skill level 16 in Stealth
    28 | D        | Killed a neqoxec
    29 | D        | Reached skill level 17 in Stealth
    29 | D        | Reached skill level 10 in Hexes
    29 | D        | Reached XP level 7. HP: 32/32 MP: 6/21
    30 | D        | Killed a neqoxec
    31 | D        | Reached skill level 10 in Spellcasting
    33 | D        | Killed a neqoxec
    34 | D        | Reached skill level 18 in Stealth
    47 | D        | Learned a level 2 spell: Ensorcelled Hibernation
    51 | D        | Learned a level 3 spell: Confusing Touch
    55 | D        | Learned a level 3 spell: Dazzling Flash
    59 | D        | Learned a level 3 spell: Tukima's Dance
    69 | D        | Noticed Menkaure
    79 | D        | Killed Menkaure
    91 | D        | Killed a wyvern
    92 | D        | Reached XP level 8. HP: 37/37 MP: 12/23
    95 | D        | Reached skill level 1 in Fighting
    95 | D        | Reached skill level 1 in Conjurations
   162 | D        | Reached skill level 5 in Dodging
   210 | D        | Found Irucoace's Antique Weapon Emporium.
   210 | D        | Found Digud's Jewellery Shoppe.
   210 | D        | Found Ninygem's Distillery.
   210 | D        | Found Vyoj's Book Shoppe.
   210 | D        | Found Unizerod's Armour Shoppe.
   210 | D        | Found Ettasmux's Antique Weapon Emporium.
   211 | D        | Found Jaobiseq's Distillery.
   211 | D        | Found Cejiphucs's Antique Armour Emporium.
   211 | D        | Found Jeit's Antique Armour Shoppe.
   211 | D        | Found Urhote Geny's Magic Scroll Shoppe.
   211 | D        | Found Iminla's Jewellery Emporium.
   212 | D        | Found Reycev's Antique Armour Shoppe.
   212 | D        | Found Faich's Assorted Antiques.
   212 | D        | Found Esmoiclu's Distillery.
   222 | D        | Noticed a fire dragon
   222 | D        | Noticed an oklob plant
   223 | D        | Found Okif's Book Shoppe.
   228 | D        | Noticed an iron elemental
   244 | D        | Bought the Codex of Petrified Summoning for 400 gold pieces
   248 | D        | Learned a level 2 spell: Passwall
   259 | D        | Noticed a cane toad
   260 | D        | Bought a potion of invisibility for 112 gold pieces
   262 | D        | Bought a potion of flight for 30 gold pieces
   264 | D        | Bought a potion of flight for 39 gold pieces
   264 | D        | Bought a potion of invisibility for 104 gold pieces
   288 | D        | Found a hazy altar of Hepliaklqana.
   288 | D        | Found a snail-covered altar of Cheibriados.
   289 | D        | Found a stormy altar of Qazlal.
   289 | D        | Found a viscous altar of Jiyva.
   289 | D        | Found a shadowy altar of Dithmenos.
   290 | D        | Found a sacrificial altar of Ru.
   290 | D        | Found an ancient bone altar of Kikubaaqudgha.
   290 | D        | Found a white marble altar of Elyvilon.
   291 | D        | Found an ornate altar of the Wu Jian Council.
   291 | D        | Found a shimmering blue altar of Sif Muna.
   291 | D        | Found a corrupted altar of Lugonu.
   292 | D        | Found a shimmering altar of Xom.
   292 | D        | Found a bloodstained altar of Trog.
   292 | D        | Found a burning altar of Makhleb.
   293 | D        | Found a glowing golden altar of the Shining One.
   293 | D        | Found a basalt altar of Yredelemnul.
   293 | D        | Found a hide-covered altar of Uskayaw.
   295 | D        | Found a glowing silver altar of Zin.
   295 | D        | Found a radiant altar of Vehumet.
   295 | D        | Found a blossoming altar of Fedhas.
   295 | D        | Found a sparkling altar of Nemelex Xobeh.
   296 | D        | Found an opulent altar of Gozag.
   296 | D        | Found an iron altar of Okawaru.
   301 | D        | Became a worshipper of Dithmenos the Shadowed
   312 | D        | Noticed a slime creature
   312 | D        | Noticed a slime creature
   313 | D        | Noticed a slime creature
   314 | D        | Killed a slime creature
   315 | D        | Killed a slime creature
   316 | D        | Reached skill level 5 in Short Blades
   317 | D        | Killed a slime creature
   317 | D        | Reached * piety under Dithmenos
   318 | D        | Reached XP level 9. HP: 43/43 MP: 25/25
   326 | D        | Noticed an unseen horror
   327 | D        | Noticed an unseen horror
   328 | D        | Killed an unseen horror
   330 | D        | Killed an unseen horror
   340 | D        | Noticed a deep elf master archer
   346 | D        | Killed a deep elf master archer
   346 | D        | Reached ** piety under Dithmenos
   347 | D        | Reached skill level 10 in Dodging
   355 | D        | Reached XP level 10. HP: 50/50 MP: 27/27
   375 | D        | Reached *** piety under Dithmenos
   381 | D        | Reached **** piety under Dithmenos
   382 | D        | Reached skill level 5 in Fighting
   398 | D        | Noticed a kraken
   409 | D        | Killed a kraken
   410 | D        | Reached skill level 10 in Short Blades
   410 | D        | Reached skill level 5 in Conjurations
   572 | D        | Noticed a death drake
   580 | D        | Noticed a death drake
   580 | D        | Noticed a crystal guardian
   584 | D        | Killed a crystal guardian
   584 | D        | Reached ***** piety under Dithmenos
   585 | D        | Killed a death drake
   587 | D        | Killed a death drake
   588 | D        | Reached XP level 11. HP: 56/56 MP: 29/29
   602 | D        | Noticed a hell hog
   602 | D        | Noticed a hell hog
   629 | D        | Killed a hell hog
   946 | D        | Slain by a hell hog

Illustrated notes

Levels and vault maps discovered:
D:        the_violet_keep_of_menkaure [sprint2_stairs_cluster_1,
          sprint2_shoproom, sprint2_temple, sprint2_basic_supplies,
          sprint2_obstacle_5, sprint2_obstacle_6, sprint2_obstacle_3,
          sprint2_obstacle_4, sprint2_obstacle_2, sprint2_timed_cluster_1,
          sprint2_smallroom_cluster_1, sprint2_smallroom_final_cluster_1,
          sprint2_transparent_cluster_1, sprint2_second_timed_cluster_1,
          sprint2_sniper_area_1, sprint2_heavy_combat_area_1,
          sprint2_mutation_trap_area_1, sprint2_forest_area_1,
          sprint2_light_combat_area_1, sprint2_behind_water_1,
          sprint2_near_end_vault_1]

Skill      XL: |  1  2  3  4  5  6  7  8  9 10 11 |
---------------+----------------------------------+-----
Stealth        | 14 17 18 | 18.8
Spellcasting   | 8 9 10 11 12 13 14 | 14.2
Hexes          | 8 10 11 12 14 | 14.0
Short Blades   | 2 5 8 11 12 | 12.3
Dodging        | 3 7 10 14 | 14.8
Fighting       | 2 4 6 |  6.6
Conjurations   | 2 3 5 6 |  6.0

Action                   |  1- 3 |  4- 6 |  7- 9 | 10-12 || total
-------------------------+-------+-------+-------+-------++-------
Melee: Dagger            |    11 |     2 |    23 |    28 ||    64
 Cast: Confusing Touch   |       |       |     1 |       ||     1
       Ensorcelled Hiber |       |       |     5 |    14 ||    19
  Use: Potion            |     2 |       |     2 |     3 ||     7
       Scroll            |       |       |       |     2 ||     2
 Stab: Invisible         |     3 |       |       |     4 ||     7
       Sleeping          |       |     2 |    17 |    17 ||    36
       Confused          |       |       |     1 |       ||     1
Armor: Robe              |       |       |       |     1 ||     1
Dodge: Dodged            |     2 |       |    11 |    25 ||    38
